 Dungeon Crawl Stone Soup version 0.26-a0-1002-g7355149c4d (webtiles) character file.

Game seed: 977126796355028050

77 Sun the Ruffian (level 4, 0/34 HPs)
             Began as a Demonspawn Gladiator on Dec 6, 2020.
             Killed by divine providence
             ... invoked by an orc priest
              (13 damage)
             ... on level 3 of the Dungeon.
             The game lasted 00:01:32 (2292 turns).

Sun the Ruffian (Demonspawn Gladiator)              Turns: 2292, Time: 00:01:32

Health: 0/34       AC:  6    Str: 15    XL:     4   Next: 14%
Magic:  4/4        EV: 11    Int: 10    God:
Gold:   76         SH:  0    Dex: 14    Spells: 3/3 levels left

rFire    . . .     SeeInvis .     - Unarmed
rCold    . . .     Faith    .   (no shield)
rNeg     . . .     Spirit   .   i - +0 ring mail
rPois    .         Reflect  .   b - +0 helmet
rElec    .         Harm     .   (no cloak)
rCorr    .         Rampage  .   (no gloves)
Will     .....                  (no boots)
Stlth    ..........             (no amulet)
HPRegen  0.11/turn              (no ring)
MPRegen  0.09/turn              (no ring)

@: no status effects
A: hooves 2, powered by pain 1
a: no special abilities


You were on level 3 of the Dungeon.
You visited 1 branch of the dungeon, and saw 3 of its levels.

You collected 76 gold pieces.

Inventory:

Missiles
 c - 3 throwing nets (quivered)
Armour
 b - a +0 helmet (worn)
 i - a +0 ring mail (worn)
Jewellery
 a - an uncursed ring of flight
Scrolls
 d - a scroll of blinking {unknown}
 f - 2 scrolls of enchant armour {unknown}
 g - a scroll of teleportation {unknown}
 h - 2 scrolls of remove curse {unknown}
 k - a scroll of fog {unknown}
 n - a scroll of enchant weapon {unknown}
 p - a scroll of fear {unknown}
Potions
 e - a potion of lignification {unknown}
 j - a potion of attraction {unknown}
 l - a potion of haste {unknown}
 m - 2 potions of heal wounds {unknown}
 o - a potion of berserk rage {unknown}


   Skills:
 + Level 2.6 Fighting
 + Level 2.3 Throwing
 + Level 1.2 Armour
 - Level 2.6 Dodging
 * Level 3.5 Unarmed Combat


You had 3 spell levels left.
You didn't know any spells.
Your spell library was empty.

Dungeon Overview and Level Annotations

Branches:
Dungeon (3/15)

Altars:
Fedhas


Innate Abilities, Weirdness & Mutations

You have hoof-like feet.
You sometimes gain a little power by taking damage.


Message History

You are too injured to fight recklessly!
You are too injured to fight recklessly!
You are too injured to fight recklessly!
You are too injured to fight recklessly!
You hit the orc. Your kick misses the orc.
The orc is almost dead.
The orc barely misses you. The orc completely misses you.
You hit the orc.
You kill the orc!
The orc hits you but does no damage.
You hit the orc priest. You kick the orc priest.
The orc priest is heavily wounded.
The orc priest invokes the aid of Beogh against you.
Pain shoots through your body! The orc barely misses you.
You hit the orc priest but do no damage.
Your kick misses the orc priest.
The orc priest is heavily wounded.
The orc priest invokes the aid of Beogh against you.
Beogh smites you!
You die...

## .. # #.
#.##. ...
######o####
#....#o@..#
#.##.####.#
#<##....#.#
#######.#.#
#.#.# #...#
#####


You could see an orc priest and an orc.

Vanquished Creatures
  2 adders (D:2)
  2 worms (D:2)
  3 dart slugs
  3 orcs (D:3)
  A ball python (D:2)
  2 goblins
  7 hobgoblins
  7 jackals
  A quokka (D:2)
  5 bats
  2 frilled lizards
  4 kobolds
  4 rats
43 creatures vanquished.

Notes
Turn   | Place    | Note
-------+----------+-------------------------------------------
     0 | D:1      | Sun the Demonspawn Gladiator began the quest for the Orb.
     0 | D:1      | Reached XP level 1. HP: 16/16 MP: 1/1
    88 | D:1      | Gained mutation: You sometimes gain a little power by
                  | taking damage. [demonic ancestry]
    88 | D:1      | Reached XP level 2. HP: 16/22 MP: 2/2
   192 | D:1      | Reached skill level 3 in Unarmed Combat
  1141 | D:2      | Gained mutation: You have large cloven feet. [demonic
                  | ancestry]
  1141 | D:2      | Reached XP level 3. HP: 24/28 MP: 3/3
  1180 | D:2      | Reached skill level 1 in Armour
  1418 | D:2      | Found a blossoming altar of Fedhas.
  1836 | D:2      | Gained mutation: You have hoof-like feet. [demonic
                  | ancestry]
  1836 | D:2      | Reached XP level 4. HP: 34/34 MP: 4/4
  2292 | D:3      | Killed from afar by an orc priest

Illustrated notes

Levels and vault maps discovered:
D:1:      lemuel_arrival_tunnels, layout_basic
D:2:      layout_basic, fedhas_ov_isle_minmay
D:3:      layout_basic, lightli_sewer_entry_pipes, uniq_terence

Skill      XL: |  1  2  3 |
---------------+----------+-----
Throwing       | 2 |  2.3
Unarmed Combat | 3 |  3.5
Armour         | 1 |  1.2
Fighting       | |  2.6
Dodging        | |  2.6

Action                   |  1- 3 |  4- 6 || total
-------------------------+-------+-------++-------
Melee: Unarmed           |   149 |    17 ||   166
       Punch             |     2 |       ||     2
       Kick              |    17 |     4 ||    21
Armor: Leather armour    |    19 |       ||    19
       Ring mail         |    21 |    12 ||    33
Dodge: Dodged            |    96 |    10 ||   106

Table legend: (Time is in decaauts)
 A = Elapsed time spent in this place.
 B = Non-inter-level travel time spent in this place.
 C = Inter-level travel time spent in this place.
 D = Time resting spent in this place.
 E = Time spent auto-exploring this place.
 F = Levels seen in this place.
 G = Mean time per level.
                   A        B        C        D        E       F      G
               +--------+--------+--------+--------+--------+-----+--------+
         Total |   2282 |   2174 |    108 |      0 |   1877 |   3 |  760.7 |
       Dungeon |   2282 |   2174 |    108 |      0 |   1877 |   3 |  760.7 |
               +--------+--------+--------+--------+--------+-----+--------+

Top non-repeatable levels by time:
     D:2: 1249 daAuts
     D:1: 1006 daAuts
     D:3: 26 daAuts
